Map: Cactus Valley LE (Void)

Players

NoCti

  • Race: Terran Terran
  • League: Master
  • Spawn Location: 7:00

Railgan - Winner!

  • Race: Zerg Zerg
  • League: Grandmaster
  • Spawn Location: 1:00

VOD

Have the link to the VOD?

Description

Time

  • Played on: March 18, 2017, 7:54 p.m.
  • Length: 12:32
Show
View Real Time Build Order
Export as new Build Order

NoCti Terran 

Build Orders: MMM Bio 

Get SALT Encoding   

  12  0:00  SCV  
  13  0:12  SCV  
  14  0:17  Supply Depot  
  14  0:24  SCV  
  14  0:28  Refinery  
  15  0:39  SCV  
  16  0:45  Barracks  
  16  0:51  SCV  
  17  1:03  SCV  
  18  1:15  SCV  
  20  1:33  Reaper, Orbital Command  
  20  1:43  Command Center  
  20  1:54  Factory  
  20  1:58  SCV  
  21  2:04  Supply Depot  
  21  2:07  Barracks Reactor  
  21  2:11  SCV  
  21  2:14  Refinery  
  22  2:23  SCV  
  23  2:35  SCV  
  24  2:43  Starport  
  23  2:44  Marine x2  
  23  2:45  Hellion  
  23  2:47  SCV  
  28  2:59  SCV  
  29  3:11  SCV  
  30  3:15  Barracks Tech Lab  
  30  3:19  Starport Tech Lab  
  30  3:23  SCV, Orbital Command  
  30  3:24  Hellion x2  
  35  3:34  Supply Depot  
  35  3:35  SCV  
  35  3:39  Raven  
  38  3:47  SCV  
  39  3:49  Stimpack  
  39  3:53  Hellion x2  
  39  3:55  SCV  
  44  3:59  Supply Depot  
  44  4:09  SCV x2  
  46  4:14  Marine  
  47  4:21  SCV  
  47  4:22  Supply Depot, SCV  
  49  4:31  Factory Reactor, Command Center  
  49  4:34  Marine, SCV  
  49  4:36  SCV  
  52  4:46  SCV  
  53  4:57  SCV  
  53  4:58  Marine  
  52  5:02  Engineering Bay x2  
  52  5:04  Starport Reactor  
  52  5:05  Barracks  
  52  5:06  Refinery  
  52  5:07  Refinery  
  52  5:08  Barracks  
  52  5:10  SCV x2  
  54  5:18  Factory Reactor  
  54  5:21  Marine  
  55  5:26  Barracks  
  55  5:27  Barracks, SCV x2  
  57  5:39  SCV x2  
  59  5:49  Orbital Command  
  59  5:57  Marine x3  
  59  5:58  Combat Shields  
  59  5:59  Starport Reactor, SCV x2  
  64  6:06  Terran Infantry Armor Level 1, Terran Infantry Weapons Level 1  
  64  6:13  Marine x2  
  64  6:14  Marine x3  
  69  6:22  Supply Depot  
  69  6:26  SCV x2  
  69  6:27  Marine  
  69  6:28  Marine x3  
  75  6:39  Siege Tank  
  78  6:40  Marine x4  
  78  6:42  Marine  
  78  6:45  Marine  
  84  6:48  Armory  
  84  6:51  Marine x3  
  87  6:57  Marine x2  
  89  7:02  Marine x3  
  92  7:11  SCV  
  92  7:14  Supply Depot  
  93  7:17  Supply Depot  
  93  7:34  Supply Depot  
  93  7:35  Marine x6, SCV x2  
  101  7:38  Marine x3, Siege Tank, Medivac  
  101  7:39  Medivac  
  105  7:50  Barracks  
  103  7:51  Barracks x2  
  103  7:52  Supply Depot  
  103  7:53  Marine x3, Orbital Command  
  103  7:56  Marine  
  103  7:57  Marine x5  
  104  8:05  Supply Depot  
  104  8:06  Supply Depot  
  100  8:13  Marine  
  101  8:23  Supply Depot  
  101  8:24  Supply Depot  
  101  8:26  Marine x3  
  109  8:27  Siege Tank, SCV x3, Marine x5  
  109  8:30  Terran Infantry Weapons Level 2, Terran Infantry Armor Level 2  
  115  8:46  SCV x3  
  116  8:50  Medivac, Supply Depot  
  116  8:52  Medivac  
  116  8:55  Marine x3  
  120  8:56  Marine  
  120  8:59  Siege Tank  
  127  9:10  Marine x2  
  127  9:11  Marine x3  
  127  9:12  SCV x3  
  127  9:16  Barracks Tech Lab x3  
  135  9:24  Marine x3  
  135  9:26  Supply Depot  
  135  9:27  Medivac  
  140  9:32  Marine, Supply Depot  
  140  9:33  Supply Depot  
  140  9:35  Concussive Shells  
  141  9:38  Supply Depot  
  141  9:39  Terran Vehicle Weapons Level 1  
  141  9:44  Marine  
  141  9:45  Marine  
  141  9:46  Marine  
  141  9:47  Medivac, Siege Tank  
  141  9:49  Marine x3  
  141  9:50  Marine x4  
  104  10:00  Marine, Marauder  
  104  10:01  Medivac  
  104  10:08  Marauder  
  94  10:14  Marine x5  
  94  10:15  Marine x2, Marauder x2  
  94  10:18  Marine  
  106  10:22  Marauder  
  106  10:24  Siege Tank  
  106  10:25  Medivac  
  113  10:30  Marauder, Command Center  
  113  10:32  Marine  
  113  10:33  Supply Depot  
  116  10:36  Marauder  
  116  10:37  Marine x3  
  116  10:38  Marine x2, Marauder  
  116  10:40  Marine x2  
  127  10:42  Marine  
  127  10:44  Medivac  
  130  10:50  Marine x2  
  130  10:57  Marine  
  132  10:58  Marine  
  132  10:59  Marine x2  
  132  11:00  Marine  
  132  11:01  Marine  
  140  11:04  Marauder  
  140  11:07  Siege Tank  
  143  11:12  Marine  
  143  11:13  Marauder x2  
  143  11:17  Supply Depot  
  148  11:19  Marine  
  148  11:20  Marine, Marauder  
  148  11:21  Marine x3  
  148  11:22  Marine x2  
  148  11:24  Medivac  
  159  11:27  Medivac  
  159  11:28  Marine  
  159  11:32  Supply Depot  
  162  11:33  Marine  
  162  11:34  Marine x2  
  165  11:46  Marine x2  
  154  11:47  Marine x2, Marauder  
  145  11:55  Marine x2  
  145  11:56  Marauder  
  145  12:00  Marine  
  105  12:13  Marine  
Show
View Real Time Build Order
Export as new Build Order

Railgan Zerg - Winner!

Build Orders: Pool First, Lurkers 

Get SALT Encoding   

  12  0:02  Drone  
  13  0:12  Overlord  
  13  0:17  Drone  
  14  0:30  Drone x2  
  14  0:35  Drone  
  17  0:49  Drone, Spawning Pool  
  17  0:56  Drone  
  18  1:12  Hatchery  
  18  1:15  Extractor  
  18  1:16  Drone  
  17  1:19  Drone  
  18  1:34  Drone  
  18  1:35  Queen  
  21  1:40  Zergling x2  
  22  1:51  Overlord  
  22  2:13  Queen  
  22  2:15  Drone x2  
  27  2:22  Drone  
  27  2:24  Queen  
  27  2:25  Metabolic Boost, Zergling x2  
  30  2:34  Drone  
  31  2:37  Drone  
  31  2:43  Drone  
  33  2:49  Drone x3  
  36  3:05  Overlord  
  35  3:14  Evolution Chamber, Drone  
  35  3:15  Overlord  
  35  3:16  Extractor x2, Drone  
  35  3:17  Drone  
  35  3:25  Drone x7  
  43  3:29  Drone, Evolution Chamber  
  43  3:35  Evolution Chamber  
  43  3:36  Drone  
  43  3:40  Drone  
  43  3:48  Drone x3  
  45  3:50  Lair  
  45  3:54  Zergling x2  
  47  3:56  Zerg Ground Armor Level 1  
  47  4:00  Drone x2  
  49  4:08  Zergling x2  
  49  4:09  Zergling x2  
  51  4:10  Overlord  
  51  4:11  Drone  
  51  4:13  Extractor  
  51  4:14  Drone  
  52  4:17  Zerg Melee Weapons Level 1  
  52  4:20  Overlord  
  52  4:21  Overlord  
  52  4:27  Spore Crawler  
  52  4:28  Spore Crawler  
  50  4:36  Drone x3  
  50  4:38  Drone  
  54  4:40  Drone  
  55  4:50  Queen  
  55  4:57  Zergling x16  
  61  5:01  Hydralisk Den  
  60  5:09  Queen  
  62  5:20  Drone  
  61  5:32  Hydralisk x3  
  61  5:33  Hydralisk x3  
  73  5:37  Hatchery  
  73  5:39  Overlord, Muscular Augments  
  72  5:49  Hydralisk x2  
  76  5:53  Zerg Ground Armor Level 2  
  76  6:06  Hydralisk  
  76  6:07  Hydralisk x3  
  84  6:18  Overlord  
  84  6:24  Overlord x2  
  84  6:28  Zerg Missile Weapons Level 1  
  84  6:38  Hydralisk x3  
  89  6:40  Hydralisk  
  89  6:42  Overlord  
  91  6:55  Drone  
  91  6:56  Drone x7  
  91  7:00  Drone  
  91  7:01  Drone  
  91  7:13  Drone  
  91  7:14  Drone x2  
  94  7:21  Drone x3  
  94  7:22  Lurker Den  
  97  7:23  Overlord  
  97  7:29  Hydralisk x4  
  103  7:32  Overlord  
  105  7:45  Overlord  
  104  7:56  Hydralisk x5  
  110  8:03  Drone  
  110  8:04  Drone x7  
  118  8:11  Drone x2  
  118  8:12  Overlord  
  120  8:14  Extractor  
  120  8:15  Extractor  
  115  8:21  Drone  
  115  8:22  Drone x2  
  115  8:26  Zergling x8  
  121  8:31  Overlord  
  121  8:34  Zerg Missile Weapons Level 2  
  121  8:47  Zergling x16  
  121  8:48  Pneumatized Carapace  
  129  8:52  Hatchery  
  128  8:58  Hydralisk x2  
  128  9:00  Hydralisk  
  130  9:04  Hydralisk  
  132  9:10  Lurker  
  132  9:11  Lurker x4  
  132  9:13  Hydralisk  
  139  9:24  Lurker x4  
  143  9:36  Hydralisk  
  143  9:38  Overlord x2  
  145  9:39  Overlord  
  114  10:02  Hydralisk x6  
  119  10:13  Zergling x2  
  119  10:14  Zergling x26  
  111  10:16  Drone  
  111  10:19  Drone x7  
  125  10:34  Lurker  
  125  10:35  Lurker x2, Zergling x2  
  128  10:36  Zergling x8  
  128  10:37  Overlord  
  128  10:40  Hydralisk x2  
  128  10:42  Hydralisk  
  137  10:49  Zergling x14  
  146  10:52  Overlord  
  146  10:53  Drone x2  
  146  10:56  Extractor x2, Hydralisk  
  145  11:13  Drone x2  
  145  11:16  Hydralisk  
  145  11:17  Hydralisk  
  145  11:18  Zergling x2  
  152  11:21  Hydralisk x4  
  152  11:22  Overlord  
  152  11:24  Lurker x2, Zergling x2  
  152  11:25  Drone x2, Zergling x2  
  166  11:26  Drone  
  167  11:40  Hydralisk  
  167  11:41  Hydralisk  
  167  11:42  Hydralisk x2  
  167  11:45  Hydralisk x4  
  180  11:52  Hydralisk x3  
  180  11:56  Hydralisk  
  180  11:59  Hydralisk  
  158  12:03  Hydralisk, Zergling x6  
  163  12:12  Zergling x2  
Tags
 
Add a new tag
Caveats
  • Supply blocks, unpowered buildings, or Contaminate may cause inaccurate times.
  • Supply counts are checked every 10 seconds.